 Dungeon Crawl Stone Soup version 0.31.0-10-gcf4a605ca0 (webtiles) character file.

Game seed: 14330801386406345058

3875 groovy9 the Skirmisher (level 10, -4/88 HPs)
             Began as a Minotaur Hunter on Jan 25, 2024.
             Slain by a two-headed ogre
             ... wielding a +0 giant club
              (10 damage)
             ... on level 8 of the Dungeon.
             The game lasted 00:24:51 (7652 turns).

groovy9 the Skirmisher (Minotaur Hunter)            Turns: 7652, Time: 00:24:52

Health: -4/88      AC:  7    Str: 16    XL:     10   Next: 0%
Magic:  9/9        EV: 13    Int:  6    God:
Gold:   397        SH:  0    Dex: 24    Spells: 9/9 levels left

rFire   . . .        D - +0 long sword
rCold   . . .        (no shield)
rNeg    . . .        c - +0 leather armour
rPois   .            (helmet restricted)
rElec   .            E - +2 cloak
rCorr   +            s - +0 pair of gloves
SInv    .            (no boots)
Will    .....        h - amulet of regeneration
Stlth   ++           r - ring of resist corrosion
HPRegen 1.14/turn    w - +6 ring of dexterity
MPRegen 0.11/turn

%: no passive effects
@: hasted, very quick
A: horns 2, retaliatory headbutt
a: no special abilities


You were on level 8 of the Dungeon.
You visited 2 branches of the dungeon, and saw 10 of its levels.

You collected 452 gold pieces.
You spent 55 gold pieces at shops.

Inventory:

Hand Weapons
 a - a +0 shortbow of freezing
 D - a +0 long sword (weapon)
Armour
 c - a +0 leather armour (worn)
 g - a +2 buckler
 i - an orb of wrath
 s - a +0 pair of gloves (worn)
 z - +0 ice dragon scales
 E - a +2 cloak (worn)
Jewellery
 h - an amulet of regeneration (around neck)
 n - an amulet of the acrobat
 r - a ring of resist corrosion (left hand)
 w - a +6 ring of dexterity (right hand)
 x - a +6 ring of intelligence
 A - an amulet of reflection
 C - a ring of willpower
Wands
 o - a wand of paralysis (11)
 q - a wand of mindburst (16)
 v - a wand of flame (24)
Scrolls
 b - a scroll of butterflies
 d - a scroll of poison
 e - a scroll of vulnerability
 l - a scroll of identify
 m - 2 scrolls of revelation
 p - 3 scrolls of amnesia
 u - a scroll of immolation
 y - a scroll of fear
Potions
 j - a potion of attraction {unknown}
 t - a potion of haste
 B - a potion of mutation


   Skills:
 + Level 8.0 Fighting
 + Level 9.8 Long Blades
 * Level 11.6 Ranged Weapons
 - Level 2.1 Dodging
 - Level 0.7 Stealth


You had 9 spell levels left.
You didn't know any spells.
Your spell library contained the following spells:

 Spells                   Type           Power      Damage    Failure   Level
 Sandblast                Erth           0%         2d4       52%         1
 Ensorcelled Hibernation  Hex/Ice        0%         N/A       67%         2
 Call Canine Familiar     Summ           0%         N/A       88%         3
 Fugue of the Fallen      Necr           0%         N/A       88%         3
 Passwall                 Erth           0%         N/A       88%         3
 Sigil of Binding         Hex            0%         N/A       88%         3
 Stone Arrow              Conj/Erth      0%         3d7       88%         3
 Anguish                  Hex/Necr       0%         N/A       99%         4
 Brom's Barrelling Bould  Conj/Erth      0%         2d3       99%         4
 Dimensional Bullseye     Hex/Tloc       0%         N/A       99%         4
 Leda's Liquefaction      Alch/Erth      0%         N/A       99%         4
 Alistair's Intoxication  Alch           0%         N/A       100%        5
 Borgnjor's Vile Clutch   Necr/Erth      0%         N/A       100%        5
 Lee's Rapid Deconstruct  Erth           0%         3d4*      100%        5
 Bombard                  Conj/Erth      0%         9d1       100%        6
 Eringya's Noxious Bog    Alch           0%         4d6       100%        6


Dungeon Overview and Level Annotations

Branches:
Dungeon (9/15)             Temple (1/1) D:7
   Lair: D:8-11         Orc: D:9-12

Altars:
Ashenzari
Cheibriados
Dithmenos
Elyvilon
Fedhas
Gozag
Makhleb
Nemelex Xobeh
Qazlal
Ru
Sif Muna
Trog
Uskayaw
Vehumet
Wu Jian
Yredelemnul
The Shining One

Shops:
D:5 *

Annotations:
D:8 2 transporters, DeathSocks's ghost, novice DsGl


Innate Abilities, Weirdness & Mutations

You have a pair of horns on your head.
You reflexively headbutt those who attack you in melee.


Message History

HP restored.
You start waiting.
A two-headed ogre is nearby!
You shoot an arrow. The arrow hits the two-headed ogre.
The arrow freezes the two-headed ogre.
The two-headed ogre is lightly wounded.
Your +0 shortbow of freezing stops glowing.
D - a +0 long sword (weapon)
The two-headed ogre hits you with a +0 giant club!!
The two-headed ogre hits you with a +0 giant spiked club!
You slash the two-headed ogre! You headbutt the two-headed ogre.
The two-headed ogre is moderately wounded.
You hit the two-headed ogre.
The two-headed ogre is heavily wounded.
The two-headed ogre hits you with a +0 giant club!
The two-headed ogre hits you but does no damage.
The centaur unwields a +1 shortbow of flaming.
It stops flaming.
The centaur hits you but does no damage.
The centaur misses you. The centaur closely misses you.
The centaur kicks you but does no damage.
The two-headed ogre misses you. You furiously retaliate!
You headbutt the two-headed ogre!
The two-headed ogre hits you with a +0 giant spiked club!!
* * * LOW HITPOINT WARNING * * *
You climb upwards.
Level annotation: 2 transporters, DeathSocks's ghost, novice DsGl
There is a stone staircase leading down here.
You feel yourself speed up.
The centaur hits you but does no damage.
The centaur barely misses you. The centaur completely misses you.
You furiously retaliate!
You headbutt the centaur! The centaur kicks you.
* * * LOW HITPOINT WARNING * * *
The two-headed ogre attacks as it pursues you!
The two-headed ogre hits you with a +0 giant club.
* * * LOW HITPOINT WARNING * * *
The two-headed ogre hits you with a +0 giant spiked club!
You die...

#.#.~≈≈≈~.≈≈≈
#.#.≈≈≈≈~.≈≈~
#.#.~~≈~~.~≈≈
########.#.......~~~
##...##...#.~~~~.....
##......(....~≈≈~.~~~~
#............~≈≈~.~≈≈≈
#......[.....~≈≈~.~≈≈≈
#....@.......~~~~.~≈≈~
##..>cO.<..>..........
##....#...##.........
##...#.......#######
#.......###.## #
#...#....##..# #
#...##.#..##.######
#...##.##.#........
#...##.##...#(...##


You could see a two-headed ogre and a centaur.

Vanquished Creatures
  A hornet (D:8)
  2 wyverns
  8 yaks
  A water moccasin (D:6)
  2 sky beasts (D:7)
  An orc warrior (D:9)
  A black bear (D:6)
  5 ogres
  2 kobold brigands
  A bullfrog (D:8)
  A gnoll sergeant (D:7)
  4 electric eels
  A bombardier beetle (D:5)
  3 hounds
  2 orc priests
  A jelly (D:8)
  4 sleepcaps
  9 orc wizards
  2 iguanas (D:7)
  8 adders
  8 gnolls
  A shadow imp (D:7)
  2 white imps
  13 dart slugs
  4 ribbon worms
  25 orcs
  5 endoplasms
  4 giant cockroaches
  6 hobgoblins
  6 jackals
  16 kobolds
  6 quokkas
  10 ball pythons
  7 bats
  8 frilled lizards
  4 goblins
  2 rats (D:2)
186 creatures vanquished.

Notes
Turn   | Place    | Note
-------+----------+-------------------------------------------
     0 | D:1      | groovy9 the Minotaur Hunter began the quest for the Orb.
     0 | D:1      | Reached XP level 1. HP: 18/18 MP: 0/0
   177 | D:1      | Found a faded altar of an unknown god.
   182 | D:1      | Reached XP level 2. HP: 25/25 MP: 1/1
   645 | D:2      | Reached skill level 5 in Ranged Weapons
   763 | D:2      | Reached XP level 3. HP: 26/31 MP: 2/2
   873 | D:2      | Reached skill level 1 in Long Blades
  1250 | D:2      | Found a shimmering blue altar of Sif Muna.
  1578 | D:2      | Reached XP level 4. HP: 38/38 MP: 3/3
  2000 | D:3      | Reached XP level 5. HP: 8/45 MP: 4/4
  2073 | D:3      | Found a sacrificial altar of Ru.
  2167 | D:3      | Reached skill level 6 in Ranged Weapons
  2442 | D:3      | Found a glowing golden altar of the Shining One.
  2770 | D:4      | Found a burning altar of Makhleb.
  2784 | D:4      | Reached skill level 5 in Long Blades
  2784 | D:4      | Reached XP level 6. HP: 37/51 MP: 5/5
  3076 | D:4      | Found a blossoming altar of Fedhas.
  3541 | D:5      | Entered Level 5 of the Dungeon
  3663 | D:5      | Found a sparkling altar of Nemelex Xobeh.
  4072 | D:5      | Found Icipniso's General Store.
  4117 | D:5      | Bought a scroll of identify for 22 gold pieces
  4117 | D:5      | Bought a +0 spear for 33 gold pieces
  4494 | D:6      | Reached XP level 7. HP: 57/57 MP: 6/6
  4573 | D:6      | Found a broken altar of Ashenzari.
  4588 | D:6      | Reached skill level 7 in Ranged Weapons
  4600 | D:6      | Found a shimmering blue altar of Sif Muna.
  4926 | D:6      | Found a hide-covered altar of Uskayaw.
  4986 | D:6      | Reached skill level 8 in Ranged Weapons
  4986 | D:6      | Reached XP level 8. HP: 66/67 MP: 7/7
  5291 | D:7      | Reached skill level 5 in Fighting
  5337 | D:7      | HP: 1/68 [electric eel/bolt of electricity (13)]
  5469 | D:7      | Reached skill level 9 in Ranged Weapons
  6009 | D:7      | Found a staircase to the Ecumenical Temple.
  6018 | Temple   | Entered the Ecumenical Temple
  6326 | D:8      | Reached XP level 9. HP: 72/75 MP: 8/8
  6358 | D:8      | Found an opulent altar of Gozag.
  6461 | D:8      | Reached skill level 10 in Ranged Weapons
  6851 | D:8      | Found a transporter.
  6856 | D:8      | Found a transporter.
  6857 | D:8      | Noticed DeathSocks's ghost (novice DsGl)
  7006 | D:8      | Reached skill level 11 in Ranged Weapons
  7579 | D:9      | Reached XP level 10. HP: 88/88 MP: 9/9
  7595 | D:9      | Noticed a two-headed ogre
  7652 | D:8      | Slain by a two-headed ogre

Illustrated notes

Levels and vault maps discovered:
D:1:      saegor_arrival_fortress, layout_rooms, basic_ecumenical_altar
D:2:      layout_basic, basic_altar, minmay_pentomino_x4
D:3:      layout_rooms, nicolae_overflow_crystal_walls,
          nicolae_ru_sacrificial_ziggurat, chequers_big_river
D:4:      layout_loops_ring, fedhas_altar_fruit_tree, makhleb_heckhound_becter,
          chequers_serial_rivers_large_a
D:5:      layout_basic, nemelex_diamond_rough_becter, serial_shops,
          nicolae_shop_tiny_glass
D:6:      layout_loops_ring, nicolae_uskayaw_murder_on_the_dancefloor,
          mainiacjoe_overflow_large_starburst, minmay_misc_feat_secret_circle
D:7:      kennysheep_slugbush, layout_loops_ring, temple_fountains,
          st_stairs_14, grunt_ministairs_15
D:8:      layout_rooms, grunt_gozag_breadcrumbs, gammafunk_ghost_hive,
          minivault_14
D:9:      minmay_polygon_palace, layout_loops_ring, zin_statuary
Temple:   hellmonk_temple_of_storms

Skill      XL: |  1  2  3  4  5  6  7  8  9 |
---------------+----------------------------+-----
Fighting       | 3 4 6 8 |  8.0
Ranged Weapons | 5 6 8 9 11 | 11.6
Long Blades    | 2 3 5 6 7 8 9 |  9.8
Dodging        | |  2.1
Stealth        | |  0.7

Action                     |  1- 3 |  4- 6 |  7- 9 | 10-12 || total
---------------------------+-------+-------+-------+-------++-------
  Melee: Short sword       |     9 |       |       |       ||     9
         Headbutt          |     5 |     9 |    24 |     1 ||    39
         Falchion          |     3 |    65 |    51 |       ||   119
         Punch             |       |     2 |     1 |       ||     3
         Long sword        |       |       |    50 |     2 ||    52
   Fire: Shortbow          |   121 |   166 |   260 |     8 ||   555
    Use: Scroll            |       |    10 |     4 |       ||    14
         Potion            |       |     1 |     2 |     1 ||     4
 Armour: Leather armour    |    19 |    88 |   108 |    17 ||   232
  Dodge: Dodged            |    25 |    61 |    72 |    13 ||   171
